 Dungeon Crawl Stone Soup version 0.29.1-12-g30fa7ad0bf (webtiles) character file.

Game seed: 16159678168074485785

65 BallerZ the Digger (level 4, 0/24 HPs)
             Began as a Gargoyle Earth Elementalist on Dec 15, 2022.
             Slain by zeram's ghost (4 damage)
             ... on level 3 of the Dungeon on Dec 16, 2022.
             The game lasted 00:29:34 (2385 turns).

BallerZ the Digger (Gargoyle Earth Elementalist)    Turns: 2385, Time: 00:29:35

Health: 0/24       AC:  6    Str: 12 (14) XL:     4   Next: 14%
Magic:  6/7        EV: 11    Int: 13 (15) God:
Gold:   130        SH:  0    Dex:  7 (10) Spells: 7/8 levels left

rFire   . . .      SeeInvis .   n - +0 long sword
rCold   + . .      Faith    .   (no shield)
rNeg    + . .      Spirit   .   d - +0 leather armour
rPois   ∞          Reflect  .   (no helmet)
rElec   +          Harm     .   (no cloak)
rCorr   .          Rampage  .   (no gloves)
Will    .....                   (no boots)
Stlth   ++........              (no amulet)
HPRegen 0.08/turn               c - ring of protection from cold
MPRegen 0.10/turn               (no ring)

@: no status effects
A: sickness immunity, AC +3, negative energy resistance 1, electricity
resistance, torment resistance 1, petrification resistance
a: no special abilities


You were on level 3 of the Dungeon.
You visited 1 branch of the dungeon, and saw 3 of its levels.

You collected 130 gold pieces.

Inventory:

Hand Weapons
 n - a +0 long sword (weapon)
Armour
 d - a +0 leather armour (worn)
Jewellery
 c - a ring of protection from cold (left hand)
Wands
 m - a wand of roots (7)
Scrolls
 e - a scroll of enchant armour {unknown}
 h - 3 scrolls of fear
 k - a scroll of fog {unknown}
Potions
 b - a potion of magic
 f - a potion of attraction {unknown}
 i - a potion of lignification {unknown}
 j - 3 potions of heal wounds {unknown}
 l - 2 potions of might {unknown}
 o - a potion of mutation {unknown}


   Skills:
 + Level 0.1(0.2) Short Blades
 + Level 0.4 Long Blades
 + Level 0.1 Armour
 + Level 1.7 Dodging
 + Level 2.7 Stealth
 + Level 0.3 Unarmed Combat
 + Level 2.6 Spellcasting
 + Level 0.7 Transmutations
 + Level 4.6 Earth Magic


You had 7 spell levels left.
You knew the following spells:

 Your Spells              Type           Power      Damage    Failure   Level
a - Sandblast             Erth           26%        2d8       4%          1

Your spell library contained the following spells:

 Spells                   Type           Power      Damage    Failure   Level
 Passwall                 Tmut/Erth      6%         N/A       16%         2
 Sting                    Tmut/Pois      8%         1d3       26%         1
 Stone Arrow              Conj/Erth      14%        3d7       34%         3
 Poisonous Vapours        Pois/Air       2%         N/A       43%         2
 Petrify                  Tmut/Erth      8%         N/A       69%         4
 Olgreb's Toxic Radiance  Pois           1%         N/A       97%         4


Dungeon Overview and Level Annotations

Branches:
Dungeon (3/15)

Altars:
Dithmenos
Uskayaw

Shops:
D:1 *

Annotations:
D:3 1 runed translucent door, zeram's ghost, amateur MfGl


Innate Abilities, Weirdness & Mutations

You are immune to sickness and miasma.
Your stone body is resilient. (AC +3)
You are immune to poison.
You resist negative energy. (rN+)
You are resistant to electric shocks. (rElec)
You are resistant to unholy torment.
You are immune to petrification.


Message History

There is an open door here.
There is an open door here.
There is an open door here.
Found a stone staircase leading up.
There is an open door here.
There is an open door here.
There is a stone staircase leading down here.
There is an open door here.
Okay, then.
You open the door.
Aiming: Sandblast (safe; 4% risk of failure)
Press: ? - help, Q - select action, (/) - cycle Shift-Dir - straight line, f - zeram's ghost
Aim: zeram's ghost (75% to hit)
The blast of sand misses zeram's ghost.
The blast of sand hits the rat!
You kill the rat!
Zeram's ghost closely misses you.
Zeram's ghost hits you but does no damage.
Zeram's ghost attacks as you move away! Zeram's ghost barely misses you.
You miss zeram's ghost. Zeram's ghost hits you. Zeram's ghost hits you.
Zeram's ghost attacks as you move away! Zeram's ghost hits you!
* * * LOW HITPOINT WARNING * * *
You feel better. Zeram's ghost hits you.
You hit zeram's ghost.
Zeram's ghost is lightly damaged.
Zeram's ghost closely misses you. The adder barely misses you.
Aiming: Sandblast (safe; 4% risk of failure)
Press: ? - help, Q - select action, (/) - cycle Shift-Dir - straight line, f - adder, p - zeram's ghost
Aim: an adder (70% to hit)
The blast of sand misses the adder.
Zeram's ghost hits you!
* * * LOW HITPOINT WARNING * * *
The adder bites you but does no damage.
Zeram's ghost hits you but does no damage.
The adder barely misses you.
It was a potion of degeneration.
There was something very wrong with that liquid.
You feel weakened.
You feel dopey.
You feel clumsy. The adder bites you but does no damage.
Zeram's ghost hits you.
You die...

#..........#....###..###########
#..........#....#...##
#..........'..>...###
#..........###.####
#..........###'################
#..........#....#.#~~~~~w~~~#.##
#..........#......'†~~~[~~~W+..#
#..........#..SW#.#~~~~~~~Sw#..#
#..........#...@#.###########..#
############....#....# #..[....#
#....'....# #.......#
#....#.#### #.......# #....#.#
#.......# #....#+######.......#
####........#........
#....###.#........ #....#
#.#........


You could see zeram's ghost and an adder.

Vanquished Creatures
  An adder (D:3)
  2 dart slugs
  4 ball pythons
  2 endoplasms (D:2)
  7 hobgoblins
  4 jackals (D:3)
  2 quokkas (D:1)
  7 bats
  4 frilled lizards (D:1)
  6 goblins (D:1)
  5 kobolds
  6 rats
50 creatures vanquished.

Notes
Turn   | Place    | Note
-------+----------+-------------------------------------------
     0 | D:1      | BallerZ the Gargoyle Earth Elementalist began the quest for
                  | the Orb.
     0 | D:1      | Reached XP level 1. HP: 10/10 MP: 3/3
    45 | D:1      | Reached skill level 4 in Earth Magic
   105 | D:1      | Found Wumink's General Store.
   123 | D:1      | Reached XP level 2. HP: 13/15 MP: 1/5
   516 | D:1      | Found a faded altar of an unknown god.
   793 | D:1      | Reached XP level 3. HP: 19/19 MP: 3/6
  1895 | D:3      | Found a shadowy altar of Dithmenos.
  2005 | D:3      | Found a runed translucent door.
  2006 | D:3      | Noticed zeram's ghost (amateur MfGl)
  2062 | D:3      | Found a hide-covered altar of Uskayaw.
  2098 | D:3      | Reached XP level 4. HP: 17/24 MP: 7/7
  2209 | D:3      | Found a runed translucent door.
  2385 | D:3      | Slain by zeram's ghost

Illustrated notes

Levels and vault maps discovered:
D:1:      roderic_dead_forest, layout_basic, ebering_ecumenical_altar_abandoned,
          serial_shops, shop
D:2:      layout_rooms
D:3:      layout_basic, mainiacjoe_overflow_cross_hatched,
          nicolae_dithmenos_shadow_blocks, ebering_ghost_sewer_f

Skill      XL: |  1 |
---------------+----+-----
Earth Magic    | 4 |  4.6
Short Blades   | |  0.1
Long Blades    | |  0.4
Armour         | |  0.1
Dodging        | |  1.7
Stealth        | |  2.7
Unarmed Combat | |  0.3
Spellcasting   | |  2.6
Transmutations | |  0.7

Action                   |  1- 3 |  4- 6 || total
-------------------------+-------+-------++-------
Melee: Unarmed           |     6 |       ||     6
       Falchion          |    13 |       ||    13
       Dagger            |    22 |       ||    22
       Long sword        |    28 |     3 ||    31
 Cast: Sandblast         |    52 |     2 ||    54
  Use: Scroll            |     3 |       ||     3
       Potion            |       |     2 ||     2
Armor: Robe              |     7 |       ||     7
       Leather armour    |    33 |     5 ||    38
Dodge: Dodged            |    68 |     5 ||    73
